 Dungeon Crawl Stone Soup version 0.29-a0-330-g52719c12eb (webtiles) character file.

Game seed: 9222452134784376936

64 MrShunza the Conjurer (level 3, -1/19 HPs)
             Began as a Deep Elf Conjurer on May 8, 2022.
             Succumbed to a kobold brigand's poison
             ... on level 3 of the Dungeon.
             The game lasted 00:02:50 (2283 turns).

MrShunza the Conjurer (Deep Elf Conjurer)           Turns: 2283, Time: 00:02:51

Health: -1/19      AC:  2    Str:  4    XL:     3   Next: 91%
Magic:  9/9        EV: 12    Int: 30    God:
Gold:   93         SH:  0    Dex: 13    Spells: 2/8 levels left

rFire   . . .      SeeInvis .   c - +3 whip
rCold   . . .      Faith    .   (no shield)
rNeg    . . .      Spirit   .   a - +0 robe
rPois   .          Reflect  .   (no helmet)
rElec   .          Harm     .   (no cloak)
rCorr   +          Rampage  .   (no gloves)
Will    .....                   (no boots)
Stlth   ++........              (no amulet)
HPRegen 0.06/turn               e - ring of Kouppent {rCorr Int+6}
MPRegen 0.11/turn               (no ring)

@: lethally poisoned (-1 -> -8), about to teleport
A: no striking features
a: no special abilities


You were on level 3 of the Dungeon.
You visited 1 branch of the dungeon, and saw 3 of its levels.

You collected 93 gold pieces.

Inventory:

Hand Weapons
 c - a +3 whip (weapon)
Armour
 a - a +0 robe (worn)
Jewellery
 e - the ring of Kouppent (left hand) {rCorr Int+6}
   (You acquired it on level 2 of the Dungeon)

   [ring of intelligence]

   Int:       It affects your intelligence (+6).
   rCorr:     It protects you from acid and corrosion.
Scrolls
 d - a scroll of fear
 f - a scroll of amnesia
 h - a scroll of teleportation


   Skills:
 - Level 2.4 Dodging
 - Level 2.4 Stealth
 + Level 3.4 Spellcasting
 * Level 5.9 Conjurations


You had 2 spell levels left.
You knew the following spells:

 Your Spells              Type           Power      Damage    Failure   Level
a - Magic Dart            Conj           100%       1d8       1%          1
b - Searing Ray           Conj           80%        2d7       1%          2
c - Dazzling Flash        Conj/Hex       46%        N/A       6%          3

Your spell library contained the following spells:

 Spells                   Type           Power      Damage    Failure   Level
 Corpse Rot               Necr/Air       10%        N/A       11%         2
 Poisonous Vapours        Pois/Air       10%        N/A       11%         2
 Fulminant Prism          Conj/Hex       11%        3d9       21%         4
 Iskenderun's Mystic Bla  Conj/Tloc      23%        2d6       21%         4


Dungeon Overview and Level Annotations

Branches:
Dungeon (3/15)

Altars:

Annotations:
D:3 1 runed translucent door, exclusion: ice beast, vineage's ghost, amateur GrFi


Message History

There is an open door here.
A kobold comes into view. It is wielding a +0 club.
The kobold shouts!
A kobold comes into view. It is wielding a +0 club.
The magic dart hits the kobold.
The kobold is severely wounded.
The kobold shouts!
The magic dart hits the kobold.
You kill the kobold!
The magic dart hits the kobold!
You kill the kobold!
A kobold brigand comes into view.
It is wielding a +0 whip and quivering poisoned darts.
The magic dart hits the kobold brigand.
The kobold brigand is lightly wounded.
The kobold brigand shouts!
The kobold brigand throws a poisoned dart.
The poisoned dart hits you!
You are poisoned.
The magic dart hits the kobold brigand.
The kobold brigand is moderately wounded.
You feel very sick.
The kobold brigand throws a poisoned dart.
The poisoned dart hits you!
You are lethally poisoned!
The magic dart hits the kobold brigand.
The kobold brigand is moderately wounded.
You feel very sick.
The kobold brigand throws a poisoned dart.
The poisoned dart closely misses you.
You feel very sick.
* * * LOW HITPOINT WARNING * * *
You feel very sick.
* * * LOW HITPOINT WARNING * * *
You feel sick. Magic courses through your body.
* * * LOW HITPOINT WARNING * * *
You feel sick.
As you read the scroll of teleportation, it crumbles to dust.
You feel strangely unstable.
You die...

.≈..≈≈.≈≈...≈≈.≈≈≈≈≈≈.≈.≈≈≈≈((...
≈≈≈≈≈≈≈≈≈≈≈≈≈≈≈≈≈≈≈≈≈≈≈≈≈≈(≈.....
≈≈≈≈≈≈≈≈≈≈≈≈≈≈≈≈≈≈≈≈≈≈≈≈≈≈≈.....≈
#####≈≈≈≈≈≈≈≈≈≈≈≈≈≈≈≈≈≈≈≈≈≈≈.....
# #########################''## #
...........†#)..... #....#
...........)+...... #....#
..).K......)#########....#
.########@.........#......
#..........'..)...
########..........#.(....
...........#########....#
...........')......#....#
...........#.......#....#
#########################


You could see a kobold brigand.

Vanquished Creatures
  An adder (D:3)
  2 worms (D:2)
  A dart slug (D:1)
  An orc (D:3)
  3 bats
  An endoplasm (D:2)
  3 giant cockroaches
  3 goblins (D:1)
  3 hobgoblins
  A quokka (D:1)
  5 ball pythons (D:2)
  3 frilled lizards
  15 kobolds
  A rat (D:2)
43 creatures vanquished.

Notes
Turn   | Place    | Note
-------+----------+-------------------------------------------
     0 | D:1      | MrShunza the Deep Elf Conjurer began the quest for the Orb.
     0 | D:1      | Reached XP level 1. HP: 10/10 MP: 6/6
   227 | D:1      | Reached XP level 2. HP: 15/15 MP: 5/8
   230 | D:1      | Learned a level 2 spell: Searing Ray
   502 | D:1      | Reached skill level 5 in Conjurations
  1071 | D:2      | Identified a scroll of acquirement
  1071 | D:2      | Acquired the ring of Kouppent {rCorr Int+6}
  1152 | D:2      | Reached XP level 3. HP: 19/19 MP: 3/9
  1156 | D:2      | Learned a level 3 spell: Dazzling Flash
  1714 | D:3      | Found a runed translucent door.
  1719 | D:3      | Noticed vineage's ghost (amateur GrFi)
  1941 | D:3      | Noticed an ice beast
  2275 | D:3      | Noticed a kobold brigand
  2283 | D:3      | Succumbed to a kobold brigand's poison

Illustrated notes

Levels and vault maps discovered:
D:1:      dpeg_arrival_windows_large_door, layout_basic, minmay_misc_feat_tiny
D:2:      layout_loops_ring
D:3:      minmay_goblin_kobold_castle, layout_basic, amcnicky_altar_gilded,
          ebering_ghost_reflecting_pool

Skill      XL: |  1  2 |
---------------+-------+-----
Conjurations   | 5 |  5.9
Dodging        | |  2.4
Stealth        | |  2.4
Spellcasting   | |  3.4

Action                   || total
-------------------------++-------
 Cast: Magic Dart        ||    83
  Use: Potion            ||     4
       Scroll            ||    12
Armor: Robe              ||     2
Dodge: Dodged            ||     6

Table legend: (Time is in decaauts)
 A = Elapsed time spent in this place.
 B = Non-inter-level travel time spent in this place.
 C = Inter-level travel time spent in this place.
 D = Time resting spent in this place.
 E = Time spent auto-exploring this place.
 F = Levels seen in this place.
 G = Mean time per level.
                   A        B        C        D        E       F      G
               +--------+--------+--------+--------+--------+-----+--------+
         Total |   2281 |   2202 |     79 |     30 |   1968 |   3 |  760.3 |
       Dungeon |   2281 |   2202 |     79 |     30 |   1968 |   3 |  760.3 |
               +--------+--------+--------+--------+--------+-----+--------+

Top non-repeatable levels by time:
     D:2: 802 daAuts
     D:1: 801 daAuts
     D:3: 677 daAuts
